 Dungeon Crawl Stone Soup version 0.21-a0-496-g696f58f (webtiles) character file.

86 slep the Twirler (level 4, -13/38 HPs)
             Began as a Minotaur Gladiator on Nov 23, 2017.
             Mangled by Sigmund
             ... wielding a +0 scythe
              (14 damage)
             ... on level 2 of the Dungeon.
             The game lasted 00:03:31 (966 turns).

slep the Twirler (Minotaur Gladiator)                Turns: 966, Time: 00:03:31

Health: -13/38     AC:  4    Str: 19    XL:     4   Next: 26%
Magic:  3/3        EV: 13    Int:  5    God:
Gold:   54         SH:  0    Dex: 12    Spells: 3/3 levels left

rFire    . . .     SeeInvis .   i - +0 mace
rCold    . . .     Gourm    .   (no shield)
rNeg     . . .     Faith    .   b - +0 leather armour
rPois    .         Spirit   .   c - +0 hat
rElec    .         Reflect  .   (no cloak)
rCorr    .         Harm     .   j - +0 pair of gloves
MR       .....                  (no boots)
Stlth    +.........             e - amulet of rage
HPRegen  0.12/turn              (no ring)
MPRegen  0.08/turn              (no ring)

@: no status effects
A: retaliatory headbutt, horns 2
a: Evoke Berserk Rage


You were on level 2 of the Dungeon.
You were not hungry.

You visited 1 branch of the dungeon, and saw 2 of its levels.

You collected 54 gold pieces.

Inventory:

Hand Weapons
 a - a +0 quarterstaff
 i - a +0 mace (weapon)
Missiles
 d - 3 throwing nets (quivered)
 g - 11 javelins
Armour
 b - a +0 leather armour (worn)
 c - a +0 hat (worn)
 j - a +0 pair of gloves (worn)
Jewellery
 e - an amulet of rage (around neck)
Scrolls
 l - a scroll of fear {unknown}
 n - a scroll of magic mapping {unknown}
 o - a scroll of enchant weapon {unknown}
 p - a scroll of teleportation {unknown}
Potions
 h - a potion of ambrosia {unknown}
 m - 2 potions of brilliance {unknown}
Comestibles
 f - 3 bread rations
 k - a royal jelly


   Skills:
 + Level 3.0 Fighting
 + Level 1.5(3.2) Maces & Flails
 + Level 4.4(4.6) Staves
 + Level 2.0 Throwing
 + Level 1.1 Armour
 + Level 4.2 Dodging


You had 3 spell levels left.
You didn't know any spells.

Dungeon Overview and Level Annotations

Branches:
Dungeon (2/15)

Altars:
Hepliaklqana

Annotations:
D:2 Sigmund


Innate Abilities, Weirdness & Mutations

You reflexively headbutt those who attack you in melee.
You have a pair of horns on your head.


Message History

You closely miss Sigmund. Sigmund casts a spell at you.
You are confused.
You hit Sigmund.
Sigmund is lightly wounded.
Sigmund closely misses you.
Sigmund hits you from afar with a scythe.
Sigmund gestures at you while chanting. The magic dart hits you!
Sigmund hits you from afar with a scythe!
* * * LOW HITPOINT WARNING * * *
You feel less confused.
Sigmund points at you and mumbles some strange words.
The magic dart hits you!
* * * LOW HITPOINT WARNING * * *
Sigmund hits you but does no damage.
You hit Sigmund. Your headbutt misses Sigmund.
Sigmund is moderately wounded.
Sigmund hits you with a scythe!
You die...

#...###†##...#########.##########
.................................
#####....<.####.######..#########
#+#)......#.######..#
#.....###..#. #......#
#.....+....#. #......#########
#.....# #.##.##...........#...
#.....# #....@..#....##...#.##
#.....# ####.@..#.##.#........
####### #....####.##..##...
####....#....##..#####
#.......#.##.)..†#####
+............)........
#...#####.#...#....... #...
#.#......##### #... #.#..##.....#
#(.. #.#......##.##


You could see Sigmund.

Vanquished Creatures
  Jessica (D:2)
  An adder (D:2)
  An ooze (D:1)
  A dart slug (D:1)
  A leopard gecko (D:1)
  3 giant cockroaches
  6 goblins
  6 hobgoblins
  7 jackals
  A kobold (D:2)
  3 bats
  5 frilled lizards
  6 rats
42 creatures vanquished.

Notes
Turn   | Place    | Note
-------+----------+-------------------------------------------
     0 | D:1      | slep the Minotaur Gladiator began the quest for the Orb.
     0 | D:1      | Reached XP level 1. HP: 18/18 MP: 0/0
    88 | D:1      | Reached XP level 2. HP: 25/25 MP: 1/1
   384 | D:1      | Reached XP level 3. HP: 24/30 MP: 2/2
   688 | D:2      | Noticed Jessica
   696 | D:2      | Killed Jessica
   696 | D:2      | Reached skill level 1 in Maces & Flails
   793 | D:2      | Reached skill level 1 in Armour
   793 | D:2      | Reached XP level 4. HP: 38/38 MP: 3/3
   832 | D:2      | Found a hazy altar of Hepliaklqana.
   949 | D:2      | Noticed Sigmund
   963 | D:2      | HP: 1/38 [Sigmund/magic dart (4)]
   966 | D:2      | Mangled by Sigmund

Vault maps used:
D:1:      scummos_arrival_simple_fountains
D:2:      lightli_temple_of_fire, lemuel_doored_altar, first_bread,
          uniq_sigmund, uniq_jessica

Skill      XL: |  1  2  3 |
---------------+----------+-----
Staves         | 4 |  4.4
Fighting       | 3 |  3.0
Maces & Flails | 1 |  1.5
Dodging        | 4 |  4.2
Armour         | 1 |  1.1
Throwing       | |  2.0

Action                   |  1- 3 |  4- 6 || total
-------------------------+-------+-------++-------
Melee: Quarterstaff      |    15 |       ||    15
       Headbutt          |     9 |     6 ||    15
       Mace              |    39 |    29 ||    68
Armor: Leather armour    |    11 |     7 ||    18
Dodge: Dodged            |    47 |    24 ||    71

Table legend:
 A = Spawn XP
 B = Non-spawn XP
 C = Spawn XP percentage of total XP
 D = Spawn monster count
 E = Non-spawn monster count
 F = Spawn count percentage of total count
 G = Total turns spent on level
                    A         B        C        D         E        F      G
               +---------+---------+-------+---------+---------+-------+---------
         Total |       0 |     123 |   0.0 |       0 |      42 |   0.0 |   966
               +---------+---------+-------+---------+---------+-------+---------
           D:1 |       0 |      49 |   0.0 |       0 |      24 |   0.0 |   688
           D:2 |       0 |      74 |   0.0 |       0 |      18 |   0.0 |   278
               +---------+---------+-------+---------+---------+-------+---------
